 Dungeon Crawl Stone Soup version 0.30.0-17-ge0270778cf (webtiles) character file.

Game seed: 12234291458240279825

6710 chunkyMonkey the Fighter (level 11, 0/60 HPs)
             Began as a Vine Stalker Fighter on May 22, 2023.
             Was a Believer of Okawaru.
             Succumbed to a cane toad's poison
             ... on level 1 of the Lair of Beasts.
             The game lasted 00:20:32 (8516 turns).

chunkyMonkey the Fighter (Vine Stalker Fighter)     Turns: 8516, Time: 00:20:32

Health: 0/60       AC: 12    Str: 20    XL:     11   Next: 3%
Magic:  5/24       EV: 15    Int: 12    God:    Okawaru [**....]
Gold:   549        SH:  8    Dex: 21    Spells: 25/26 levels left

rFire   + . .        a - +3 broad axe (flame)
rCold   . . .        c - +0 buckler
rNeg    . . .        s - +3 leather armour
rPois   .            k - +0 helmet
rElec   .            (no cloak)
rCorr   +            E - +0 pair of gloves
SInv    .            q - +0 pair of boots
Will    ++...        v - amulet of magic regeneration
Stlth   ++++         f - +6 ring of dexterity
HPRegen 1.10/turn    m - ring "Ydduv" {rF+ Will+ rCorr Int+2 Stlth+}
MPRegen 0.59/turn

%: guardian spirit
@: lethally poisoned (0 -> -8), heroic, studying Fighting
A: fangs 3, regeneration 1, magic shield, antimagic bite, no potion heal 2
a: Renounce Religion, Heroism


You were on level 1 of the Lair of Beasts.
You worshipped Okawaru.
Okawaru was pleased with you.
You visited 3 branches of the dungeon, and saw 11 of its levels.
You also visited: Bailey.

You collected 577 gold pieces.
You spent 28 gold pieces at shops.

Inventory:

Hand Weapons
 a - a +3 broad axe of flaming (weapon)
 d - a +0 whip of holy wrath
 t - a +1 dagger of venom
 x - a +1 dagger of pain
 D - a +3 war axe of electrocution
 F - a +2 trident of protection
Missiles
 r - 18 poisoned darts (quivered)
 u - a throwing net
Armour
 c - a +0 buckler (worn)
 k - a +0 helmet (worn)
 q - a +0 pair of boots (worn)
 s - a +3 leather armour (worn)
 E - a +0 pair of gloves (worn)
Jewellery
 f - a +6 ring of dexterity (left hand)
 m - the ring "Ydduv" (right hand) {rF+ Will+ rCorr Int+2 Stlth+}
   (You found it on level 2 of the Dungeon)

   [ring of willpower]

   Int:       It affects your intelligence (+2).
   rF:        It protects you from fire.
   rCorr:     It protects you from acid and corrosion.
   Will:      It increases your willpower.
   Stlth:     It makes you more stealthy.
 v - an amulet of magic regeneration (around neck)
 y - a ring of ice
 A - a ring of wizardry
 B - a +4 ring of protection
 O - a ring of protection from fire
 P - a ring of willpower
Wands
 J - a wand of paralysis (6)
 M - a wand of acid (7)
Scrolls
 e - 2 scrolls of blinking
 g - 5 scrolls of teleportation
 i - 2 scrolls of enchant armour
 j - 2 scrolls of fog
 w - a scroll of fear
 K - a scroll of magic mapping
 Q - a scroll of amnesia
Potions
 b - a potion of invisibility
 h - a potion of flight
 l - 5 potions of heal wounds {unknown}
 n - 2 potions of degeneration {unknown}
 o - 2 potions of magic {unknown}
 p - a potion of ambrosia {unknown}
 z - 2 potions of curing {unknown}
 C - 3 potions of brilliance {unknown}
 G - a potion of might
 H - 2 potions of lignification {unknown}
 I - 2 potions of mutation {unknown}
 L - 2 potions of haste {unknown}
 N - a potion of attraction {unknown}


   Skills:
 * Level 8.1(13.1) Fighting
 + Level 5.3(10.3) Axes
 * Level 7.2(12.2) Armour
 * Level 8.0(13.0) Shields
 * Level 8.0 Spellcasting


You had 25 spell levels left.
You knew the following spells:

 Your Spells              Type           Power      Damage    Failure   Level
a - Kiss of Death         Conj/Necr      16%        2d6       19%         1

Your spell library contained the following spells:

 Spells                   Type           Power      Damage    Failure   Level
 Ensorcelled Hibernation  Hex/Ice        8%         N/A       28%         2
 Confusing Touch          Hex            4%         N/A       50%         3
 Spider Form              Tmut/Pois      4%         N/A       50%         3
 Anguish                  Hex/Necr       2%         N/A       88%         4
 Dispel Undead            Necr           4%         3d7       88%         4


Dungeon Overview and Level Annotations

Branches:
Dungeon (9/15)             Temple (1/1) D:6            Lair (1/5) D:9
    Orc (0/2) D:9          Bailey (visited)

Altars:
Ashenzari
Cheibriados
Dithmenos
Elyvilon
Fedhas
Gozag
Hepliaklqana
Kikubaaqudgha
Makhleb
Nemelex Xobeh
Okawaru
Qazlal
Ru
Sif Muna
Trog
Uskayaw
Vehumet
Xom
Yredelemnul
Zin
The Shining One

Shops:
D:1 *

Annotations:
D:4 1 runed translucent door, Crazy Yiuf


Innate Abilities, Weirdness & Mutations

You have razor-sharp teeth.
Your natural rate of healing is unusually fast.
When hurt, damage is shared between your health and your magic reserves.
Your bite disrupts and absorbs the magic of your enemies.
Potions cannot restore your health.


Message History

The floor.
Unknown command.
You hit the cane toad. You burn the cane toad.
The cane toad is lightly wounded.
You hit the komodo dragon but do no damage.
You block the cane toad's attack. You block the komodo dragon's attack.
The cane toad barely misses you.
You hit the cane toad but do no damage. You bite the cane toad.
You drain its power.
You feel invigorated.
The cane toad is moderately wounded.
You slash the komodo dragon! You burn the komodo dragon.
You kill the komodo dragon!
Okawaru accepts your kill. You block the cane toad's attack.
Your base Fighting skill increases to level 8!
Your base Shields skill increases to level 8!
You have reached level 11!
You slash the cane toad! You burn the cane toad. You bite the cane toad.
You drain its power.
You feel invigorated.
The cane toad is severely wounded.
The cane toad stings you!
You barely miss the cane toad.
You bite the cane toad, but do no damage.
The cane toad is severely wounded.
The cane toad misses you. The cane toad stings you!
* * * LOW HITPOINT WARNING * * *
Unknown command.
You closely miss the cane toad.
You bite the cane toad, but do no damage.
The cane toad is severely wounded.
The cane toad stings you!
* * * LOW HITPOINT WARNING * * *
You are lethally poisoned!
The cane toad poisons you!
Okay, then.
As you read the scroll of fear, it crumbles to dust.
You assume a fearsome visage.
The cane toad looks frightened!
* * * LOW HITPOINT WARNING * * *
You feel very sick.
You die...

.[. ....... ... ....(
.... #..# #.... ### ##..#
.....###.######...#######
.....F............(......
~~P.................<....
P~~...............######.
~~~.....@.......###
~~~.............#
~P~..............#
~~~................
≈~~♣................
≈≈P♣#..##.##.###.... ≈≈
#.. ### ## .. ...


You could see a cane toad (fleeing).

Vanquished Creatures
  An orc knight (Bailey)
  A rime drake (D:9)
  A komodo dragon (Lair:1)
  A polar bear (D:9)
  A hornet (D:8)
  Eustachio (D:6)
  An acid dragon (D:9)
  9 orc warriors
  10 ice beasts
  4 black bears
  2 ogres
  A wolf (D:9)
  5 centaurs
  2 phantoms (D:5)
  3 kobold brigands
  Blork the orc (D:6)
  A bullfrog (D:9)
  5 wights
  3 killer bees (D:9)
  A howler monkey (D:5)
  2 centaur zombies (D:7)
  2 bullfrog zombies (D:7)
  6 orc priests
  2 jellies
  2 gnoll boudas (D:8)
  4 hounds
  3 iguanas (D:5)
  3 sleepcaps
  9 orc wizards
  2 killer bee zombies (D:7)
  3 howler monkey zombies (D:7)
  21 gnolls
  9 adders
  A shadow imp (D:5)
  2 white imps
  An ufetubus (D:4)
  A dart slug (D:1)
  28 orcs
  5 endoplasms
  2 giant cockroaches
  11 goblins
  16 hobgoblins
  6 jackals
  14 kobolds
  5 quokkas
  7 ball pythons
  2 frilled lizards
  4 rats
227 creatures vanquished.

Vanquished Creatures (others)
  An orc wizard (D:5)
1 creature vanquished.

Grand Total: 228 creatures vanquished

Notes
Turn   | Place    | Note
-------+----------+-------------------------------------------
     0 | D:1      | chunkyMonkey the Vine Stalker Fighter began the quest for
                  | the Orb.
     0 | D:1      | Reached XP level 1. HP: 11/11 MP: 2/2
    91 | D:1      | Reached XP level 2. HP: 16/16 MP: 3/3
   124 | D:1      | Found a faded altar of an unknown god.
   340 | D:1      | Found Nitaej's Assorted Antiques.
   348 | D:1      | Bought a scroll labelled ICLUINT UW ENI for 28 gold pieces
   422 | D:1      | Reached skill level 1 in Spellcasting
   692 | D:2      | Reached XP level 3. HP: 19/19 MP: 5/5
  1155 | D:2      | Identified the ring "Ydduv" {rF+ Will+ rCorr Int+2 Stlth+}
  1751 | D:3      | Found a glowing silver altar of Zin.
  1768 | D:3      | Gained mutation: Your natural rate of healing is unusually
                  | fast. [Vine Stalker growth]
  1768 | D:3      | Reached XP level 4. HP: 22/23 MP: 7/7
  2274 | D:3      | Reached XP level 5. HP: 17/28 MP: 7/9
  2768 | D:4      | Found a runed translucent door.
  2769 | D:4      | Noticed Crazy Yiuf
  2898 | D:4      | Reached XP level 6. HP: 32/32 MP: 10/10
  3265 | D:5      | Entered Level 5 of the Dungeon
  3477 | D:5      | Noticed a black bear
  3507 | D:5      | Killed a black bear
  3538 | D:5      | Reached XP level 7. HP: 32/36 MP: 10/13
  3742 | D:5      | Gained mutation: You have razor-sharp teeth. [Vine Stalker
                  | growth]
  3742 | D:5      | Reached XP level 8. HP: 42/42 MP: 15/15
  3858 | D:5      | Reached skill level 5 in Shields
  4273 | D:5      | Reached skill level 5 in Spellcasting
  4438 | D:5      | Reached skill level 5 in Armour
  4510 | D:5      | Found a radiant altar of Vehumet.
  4646 | D:6      | Found a staircase to the Ecumenical Temple.
  4665 | Temple   | Entered the Ecumenical Temple
  4682 | Temple   | Became a worshipper of Warmaster Okawaru
  4742 | D:6      | Found a white marble altar of Elyvilon.
  4878 | D:6      | Reached XP level 9. HP: 43/46 MP: 18/18
  4956 | D:6      | Noticed Eustachio
  5019 | D:6      | Killed Eustachio
  5043 | D:6      | Noticed Blork the orc
  5049 | D:6      | Learned a level 1 spell: Kiss of Death
  5099 | D:6      | Killed Blork the orc
  5437 | D:7      | Reached * piety under Okawaru
  5863 | D:7      | Found a broken altar of Ashenzari.
  5916 | D:7      | Found a bloodstained altar of Trog.
  5916 | D:7      | Found a burning altar of Makhleb.
  5925 | D:7      | Found a faded altar of an unknown god.
  5927 | D:7      | Found a stormy altar of Qazlal.
  5929 | D:7      | Found a blossoming altar of Fedhas.
  6287 | D:8      | Identified 2 scrolls of acquirement
  6287 | D:8      | Acquired a +1 antimagic broad axe
  6361 | D:8      | Acquired a manual of Fighting
  6421 | D:8      | Reached skill level 5 in Fighting
  6497 | D:8      | Found a flagged portal.
  6510 | Bailey   | Entered a bailey
  6616 | Bailey   | Reached XP level 10. HP: 35/53 MP: 13/21
  6660 | Bailey   | Noticed an orc knight
  6679 | Bailey   | Killed an orc knight
  6679 | Bailey   | Reached ** piety under Okawaru
  6868 | Bailey   | Noticed an orc warlord
  6869 | Bailey   | Noticed an orc knight
  7689 | D:9      | Reached skill level 5 in Axes
  7958 | D:9      | Found a staircase to the Lair.
  8236 | D:9      | Found a staircase to the Orcish Mines.
  8491 | Lair:1   | Entered Level 1 of the Lair of Beasts
  8498 | Lair:1   | Noticed a cane toad
  8512 | Lair:1   | Reached XP level 11. HP: 35/60 MP: 17/24
  8515 | Lair:1   | HP: 3/60 [poisoned by a cane toad]
  8516 | Lair:1   | Succumbed to a cane toad's poison

Illustrated notes

Levels and vault maps discovered:
D:1:      dpeg_arrival_radiant, layout_basic,
          hellmonk_ecumenical_altar_inner_sanctum, serial_shops, shop
D:2:      layout_loops_corners
D:3:      layout_basic, lemuel_crystal_altar, minmay_misc_feat_more_columns,
          solitary_fountain
D:4:      layout_basic, uniq_crazy_yiuf_cottage
D:5:      layout_basic, mainiacjoe_overflow_brackets, serial_bayou_ford_a,
          minmay_pentangle
D:6:      layout_rooms, nicolae_elyvilon_temple_path,
          minmay_temple_entry_statues_pillars, uniq_eustachio,
          uniq_blork_the_orc
D:7:      layout_basic, mainiacjoe_overflow_surrounded_room,
          chequers_temple_overflow_minitemple, serial_undead, serial_undead_f,
          serial_undead_b, serial_undead_d, serial_undead_c
D:8:      layout_cave_pods, enter_bailey_2
D:9:      layout_grid_maze, hellmonk_lair_entry_icy, orc_0_dummy
Temple:   nicolae_temple_god_jail
Lair:1:   layout_long_grid, kennysheep_snail_temple, lemuel_fruit_fields,
          serial_bayou_shore_a

Skill      XL: |  1  2  3  4  5  6  7  8  9 10 |
---------------+-------------------------------+-----
Shields        | 3 4 5 6 8 |  8.0
Spellcasting   | 1 2 3 4 5 6 8 |  8.0
Axes           | 2 3 4 5 |  5.3
Fighting       | 3 4 5 8 |  8.1
Armour         | 3 4 5 6 7 |  7.2

Action                     |  1- 3 |  4- 6 |  7- 9 | 10-12 || total
---------------------------+-------+-------+-------+-------++-------
  Melee: War axe           |    69 |   106 |   180 |       ||   355
         Bite              |    17 |    24 |   120 |    49 ||   210
         Trident           |       |       |   141 |       ||   141
         Broad axe         |       |       |    49 |   138 ||   187
  Throw: Dart              |       |     2 |       |       ||     2
         Throwing net      |       |     1 |     1 |       ||     2
   Cast: Kiss of Death     |       |       |     1 |       ||     1
 Invoke: Heroism           |       |       |     3 |     6 ||     9
  Evoke: Wand              |       |       |       |     7 ||     7
    Use: Scroll            |     4 |     1 |    10 |     7 ||    22
         Potion            |       |     1 |       |       ||     1
   Stab: Sleeping          |     2 |     5 |     4 |     3 ||    14
         Held in net/web   |       |       |     2 |       ||     2
         Paralysed         |       |       |       |     2 ||     2
 Armour: Scale mail        |    27 |       |       |       ||    27
         Leather armour    |     4 |    48 |   219 |    49 ||   320
  Dodge: Dodged            |    21 |    54 |   213 |    82 ||   370
  Block: Buckler           |    16 |    35 |   126 |    66 ||   243
